 Dungeon Sprint DCSS version 0.30.0-15-g856e2d3f33 (webtiles) character file.

Game seed: 13307480364977323957

95 Groucho the Shooter (level 4, -2/25 HPs)
             Began as a Spriggan Hunter on May 19, 2023.
             Was a Believer of Dithmenos.
             Killed by divine providence
             ... invoked by an orc priest
              (15 damage)
             ... in the Dungeon (Sprint VII: "The Pits").
             The game lasted 00:02:03 (1073 turns).

Groucho the Shooter (Spriggan Hunter)               Turns: 1073, Time: 00:02:04

Health: -2/25      AC:  2    Str:  7    XL:     4   Next: 39%
Magic:  5/5        EV: 21    Int: 10    God:    Dithmenos [**....]
Gold:   0          SH:  0    Dex: 20    Spells: 3/3 levels left

rFire   . . .        a - +0 shortbow
rCold   . . .        (shield currently unavailable)
rNeg    . . .        c - +0 robe
rPois   .            (helmet restricted)
rElec   .            (no cloak)
rCorr   .            (gloves unavailable)
SInv    +            (boots unavailable)
Will    .....        (no amulet)
Stlth   +++          (no ring)
HPRegen 0.24/turn    (no ring)
MPRegen 0.09/turn

%: no teleportation
@: wreathed by umbra, very quick
A: very small, no large weapons, unfitting armour, see invisible, speed 3
a: Renounce Religion, Shadow Step


You were in the Dungeon.
You worshipped Dithmenos.
Dithmenos was pleased with you.
You visited 1 branch

Inventory:

Hand Weapons
 a - a +0 shortbow (weapon)
Armour
 c - a +0 robe (worn)
Scrolls
 b - a scroll of immolation
 i - a scroll of blinking
 k - 5 scrolls of amnesia
 l - a scroll of butterflies
Potions
 d - 6 potions of curing
 e - 5 potions of heal wounds
 f - a potion of haste
 g - 4 potions of magic
 h - 3 potions of berserk rage
 j - 2 potions of invisibility


   Skills:
 + Level 3.9 Fighting
 * Level 7.4 Ranged Weapons
 + Level 6.2 Dodging
 - Level 1.5 Stealth


You had 3 spell levels left.
You didn't know any spells.
Your spell library was empty.

Dungeon Overview and Level Annotations

Branches:
Dungeon (1/1)

Altars:
Ashenzari
Cheibriados
Dithmenos
Elyvilon
Fedhas
Gozag
Hepliaklqana
Kikubaaqudgha
Makhleb
Nemelex Xobeh
Okawaru
Qazlal
Ru
Sif Muna
Trog
Uskayaw
Vehumet
Wu Jian
Xom
Yredelemnul
Zin
The Shining One
Jiyva
Lugonu


Innate Abilities, Weirdness & Mutations

You are very small and have problems with some larger weapons.
You are too small for most types of armour.
You have supernaturally acute eyesight. (SInv)
You cover ground extremely quickly. (Speed+++)


Message History

Press: ? - help, Shift-Dir - straight line You open the door.
There is an open door here.
You open the door.
An orc priest, 2 orcs and an orc wizard come into view.
The orc priest shouts!
The orc wizard shouts!
A fire bat comes into view.
An orc comes into view. It is wielding a +0 club.
A black bear comes into view.
The orc shouts! x2
Unknown command.
The orc shouts!
You hear an angry hiss.
You shoot an arrow.
The arrow hits the orc but does no damage.
You shoot an arrow. The arrow hits the orc!
You kill the orc!
Dithmenos accepts your kill.
You shoot an arrow. The arrow hits the fire bat.
The fire bat is lightly wounded.
The fire bat completely misses you.
You shoot an arrow. The arrow hits the fire bat.
The fire bat is moderately wounded.
The fire bat completely misses you. The fire bat bites you.
You are engulfed in flames!
The fire bat bites you.
You are engulfed in flames!
* * * LOW HITPOINT WARNING * * *
Unknown command.
Unknown command.
You feel much better.
The fire bat bites you but does no damage.
The fire bat closely misses you.
Fire: a) +0 shortbow
Press: ? - help, Q - select action, (/) - cycle Shift-Dir - straight line, f - orc priest, p - fire bat
Aim: an orc priest, wielding a +0 hand axe (66% to hit)
You shoot an arrow. The arrow hits the fire bat!
The fire bat is severely wounded.
The fire bat misses you. The fire bat bites you.
You are engulfed in flames!
The orc priest invokes the aid of Beogh against you.
Beogh smites you!
Ouch! That really hurt!
You die...

#_________.#
#_________.#
#_______...#######
##########'##.....
#.?(.')))'.##.....
##########.##.....
#..........)')....
#'#####'#####.....
#@#[[#.....##.....
#b#))#####'#####'#
#o#))#.....##.....
#.#))#.....##.....
#)#..###'####.....
#o##'#.....##...<.
#.#........##.....
#o#........##.....
#'###########.....


You could see a fire bat, an orc priest, an orc wizard and an orc.

Vanquished Creatures
  A scorpion (D)
  A gnoll (D)
  An adder (D)
  An ufetubus (D)
  2 orcs (D)
  2 hobgoblins (D)
  A quokka (D)
  A kobold (D)
10 creatures vanquished.

Notes
Turn   | Place    | Note
-------+----------+-------------------------------------------
     0 | D        | Groucho the Spriggan Hunter began the quest for the Orb.
     0 | D        | Reached XP level 1. HP: 10/10 MP: 2/2
    54 | D        | Found a bloodstained altar of Trog.
    54 | D        | Found a shimmering blue altar of Sif Muna.
    54 | D        | Found a viscous altar of Jiyva.
    54 | D        | Found a hazy altar of Hepliaklqana.
    54 | D        | Found an opulent altar of Gozag.
    55 | D        | Found a glowing golden altar of the Shining One.
    55 | D        | Found a glowing silver altar of Zin.
    55 | D        | Found a basalt altar of Yredelemnul.
    55 | D        | Found a shimmering altar of Xom.
    55 | D        | Found an ornate altar of the Wu Jian Council.
    55 | D        | Found a sacrificial altar of Ru.
    55 | D        | Found a stormy altar of Qazlal.
    55 | D        | Found an iron altar of Okawaru.
    55 | D        | Found a sparkling altar of Nemelex Xobeh.
    55 | D        | Found a burning altar of Makhleb.
    55 | D        | Found a blossoming altar of Fedhas.
    55 | D        | Found a white marble altar of Elyvilon.
    55 | D        | Found a shadowy altar of Dithmenos.
    55 | D        | Found a snail-covered altar of Cheibriados.
    57 | D        | Found a radiant altar of Vehumet.
    57 | D        | Found a corrupted altar of Lugonu.
    58 | D        | Found a hide-covered altar of Uskayaw.
    58 | D        | Found an ancient bone altar of Kikubaaqudgha.
    58 | D        | Found a broken altar of Ashenzari.
    65 | D        | Became a worshipper of Dithmenos the Shadowed
    82 | D        | Noticed a scorpion
   116 | D        | Killed a scorpion
   117 | D        | Reached skill level 6 in Ranged Weapons
   117 | D        | Reached skill level 5 in Dodging
   117 | D        | Reached XP level 2. HP: 12/16 MP: 3/3
   117 | D        | Reached XP level 3. HP: 15/20 MP: 4/4
   261 | D        | Reached * piety under Dithmenos
   307 | D        | Reached XP level 4. HP: 9/24 MP: 5/5
   444 | D        | Reached ** piety under Dithmenos
   445 | D        | Reached skill level 7 in Ranged Weapons
  1060 | D        | Noticed a fire bat
  1060 | D        | Noticed a black bear
  1073 | D        | Killed from afar by an orc priest

Illustrated notes

Levels and vault maps discovered:
D:        pitsprint [storerooms_1, entrance_room_1, metal_vault_6, armoury_2,
          mini_pit_1, grid_room_1, main_hall_1, silver_pit, the_coven_1,
          the_vestibule_1, steel_vault_4, golden_pit, hallway_of_sentries,
          crystal_vault_3, iron_vault_3, final_vault]

Skill      XL: |  1  2  3  4 |
---------------+-------------+-----
Dodging        | 5 6 |  6.2
Fighting       | 3 |  3.9
Ranged Weapons | 6 7 |  7.4
Stealth        | |  1.5

Action                     |  1- 3 |  4- 6 || total
---------------------------+-------+-------++-------
   Fire: Shortbow          |    33 |    20 ||    53
    Use: Potion            |       |     1 ||     1
 Armour: Robe              |     3 |     1 ||     4
  Dodge: Dodged            |    39 |    11 ||    50
